cohdb
Replays
Latest Replays
All Replays
Popular Replays
Top Player Replays
Match Explorer
How It Works
Community
CoH3 Stats
Reddit
Sign in to upload your games and track your stats! →
Sign in with Steam
Match 38911356
Unlisted
Match 38911356
Overview
Messages
Build Orders
End
Kettenkrad Recon Vehicle
Construct Infanterie Kompanie
Selects Mechanized Battlegroup
MG 42 Machine Gun Team
Grenadier Squad
Construct Panzergrenadier Kompanie
Medical Station
Panzergrenadier Squad
Panzergrenadier Squad
Support Elements
Nebelwerfer 42 Rocket Launcher Team
Construct Luftwaffe Kompanie
Selects Spotting Scopes
Selects Wespe Self-propelled Artillery
Jäger Squad
Jäger Squad
Wespe Self-propelled Artillery
Pak 40 Anti-tank Gun Team
Construct Panzer Kompanie
Pak 40 Anti-tank Gun Team
Pak 40 Anti-tank Gun Team
mr_ako
Yeknod
BIOHAZARD
Sauzer88
0
0
Comments
sign in to comment!
No comments posted yet!